 Dungeon Crawl Stone Soup version 0.22-a0-445-g8c8ef71 (webtiles) character file.

36 Atlas the Grave Robber (level 3, -4/24 HPs)
             Began as a Mummy Necromancer on June 3, 2018.
             Slain by Natasha (6 damage)
             ... on level 2 of the Dungeon.
             The game lasted 00:05:04 (1545 turns).

Atlas the Grave Robber (Mummy Necromancer)          Turns: 1545, Time: 00:05:05

Health: -4/24      AC:  3    Str: 11    XL:     3   Next: 19%
Magic:  1/8        EV: 11    Int: 15    God:
Gold:   45         SH:  0    Dex: 12    Spells: 5/9 levels left

rFire    x . .     SeeInvis .   e - +0 mace (protect)
rCold    + . .     Gourm    .   (no shield)
rNeg     + + +     Faith    .   b - +0 leather armour
rPois    ∞         Spirit   .   (no helmet)
rElec    .         Reflect  .   (no cloak)
rCorr    .         Harm     .   (no gloves)
MR       .....                  (no boots)
Stlth    ++........             (no amulet)
HPRegen  0.08/turn              (no ring)
MPRegen  0.11/turn              (no ring)

@: no status effects
A: no food or potions, fire vulnerability, cold resistance 1, negative energy
resistance 3, torment resistance, unbreathing
a: no special abilities


You were on level 2 of the Dungeon.
You were not hungry.

You visited 1 branch of the dungeon, and saw 2 of its levels.

You collected 45 gold pieces.

Inventory:

Hand Weapons
 e - a +0 mace of protection (weapon)
Armour
 b - a +0 leather armour (worn)
Scrolls
 a - a scroll of teleportation


   Skills:
 + Level 0.2 Fighting
 + Level 0.1 Armour
 + Level 1.6 Dodging
 - Level 1.6 Stealth
 + Level 3.8 Spellcasting
 + Level 4.4 Necromancy


You had 5 spell levels left.
You knew the following spells:

 Your Spells              Type           Power        Failure   Level  Hunger
a - Pain                  Necr           ###.         4%          1    N/A
c - Vampiric Draining     Necr           ###.......   12%         3    N/A

Your spell library contained the following spells:

 Spells                   Type           Power        Failure   Level  Hunger
 Animate Dead             Necr           N/A          36%         4    N/A
 Animate Skeleton         Necr           N/A          4%          1    N/A
 Regeneration             Chrm/Necr      #.........   28%         3    N/A

Dungeon Overview and Level Annotations

Branches:
Dungeon (2/15)

Altars:

Annotations:
D:2 Natasha


Innate Abilities, Weirdness & Mutations

You do not eat or drink.
Your flesh is vulnerable to fire.
You are immune to poison.
Your flesh is cold resistant. (rC+)
You are immune to negative energy. (rN+++)
You are immune to unholy pain and torment.
You can survive without breathing.


Message History

Casting: Vampiric Draining (safe; 12% risk of failure)
Confirm with . or Enter, or press ? or * to list all spells.
You don't have enough magic to cast that spell.
You closely miss Natasha.
Natasha is severely wounded.
Natasha howls an incantation.
You feel troubled. Natasha claws you!
You barely miss Natasha.
Natasha is severely wounded.
Natasha claws you!
* * * LOW HITPOINT WARNING * * *
A rat comes into view.
Casting: Vampiric Draining (safe; 12% risk of failure)
Confirm with . or Enter, or press ? or * to list all spells.
Aiming: Pain (safe; 4% risk of failure)
Press: ? - help, Shift-Dir - straight line, f/p - Natasha
Aim: Natasha (severely wounded, chance to defeat MR: 75%) Natasha writhes in agony!
Natasha claws you.
You die...

#.# #.# #.# #.#
#############.##
#......)....r..
#.#######.#.#5#
#.# # #h# #.#
#@# #.# #.#
#.###########.#
#.#...........#
#.#.###########
#.#.# #.#.#
#.#.# #.#.#


You could see Natasha, a crimson imp and a rat.

Vanquished Creatures
  An ooze (D:1)
  2 leopard geckos
  4 goblins
  3 hobgoblins
  7 jackals
  6 bats (D:1)
  2 kobolds (D:1)
  2 rats (D:2)
27 creatures vanquished.

Notes
Turn   | Place    | Note
-------+----------+-------------------------------------------
     0 | D:1      | Atlas the Mummy Necromancer began the quest for the Orb.
     0 | D:1      | Reached XP level 1. HP: 13/13 MP: 4/4
   331 | D:1      | Reached XP level 2. HP: 12/19 MP: 0/6
  1027 | D:2      | Reached XP level 3. HP: 24/24 MP: 5/8
  1058 | D:2      | Learned a level 3 spell: Vampiric Draining
  1106 | D:2      | Found a faded altar of an unknown god.
  1528 | D:2      | Noticed Natasha
  1545 | D:2      | Slain by Natasha

Vault maps used:
D:1:      giann_horns
D:2:      first_ration, chequers_ecumenical_altar_twisty, uniq_natasha

Skill      XL: |  1 |
---------------+----+-----
Spellcasting   | 3 |  3.8
Fighting       | |  0.2
Armour         | |  0.1
Dodging        | |  1.6
Stealth        | |  1.6
Necromancy     | |  4.4

Action                   || total
-------------------------++-------
Melee: Unarmed           ||     9
       Mace              ||    13
 Cast: Pain              ||    53
       Vampiric Draining ||     1
  Use: Scroll            ||     3
Armor: Leather armour    ||    10
Dodge: Dodged            ||    13

Table legend:
 A = Spawn XP
 B = Non-spawn XP
 C = Spawn XP percentage of total XP
 D = Spawn monster count
 E = Non-spawn monster count
 F = Spawn count percentage of total count
 G = Total turns spent on level
                    A         B        C        D         E        F      G
               +---------+---------+-------+---------+---------+-------+---------
         Total |       0 |      52 |   0.0 |       0 |      27 |   0.0 |  1545
               +---------+---------+-------+---------+---------+-------+---------
           D:1 |       0 |      33 |   0.0 |       0 |      17 |   0.0 |   903
           D:2 |       0 |      19 |   0.0 |       0 |      10 |   0.0 |   642
               +---------+---------+-------+---------+---------+-------+---------
